AoeStats
← howdydo12

Nomad

514353173Analyzed
1v1 RM · 3d ago on Oct 17, 2026· 43m 58s· 2 players
Game mode
Random Map
Map size
126×126
Population
200
Speed
Normal
Resources
Standard
Victory
Conquest
Starting age
Dark Age
Ending age
Imperial Age
RankedLock teamsTeams togetherTeam positionsShared explorationLock speedFull tech treeHidden civsTurbo modeCheats
Victory
Defeat
🇵🇱 Saracens · Poland
621
+13
vs
🇪🇸 Huns · Spain
544
-13
MYHAKAA
8:38 Loom
13:02 Feudal Age
17:22 Double-Bit Axe
20:11 Man-at-Arms
22:02 Horse Collar
22:59 Arson
25:14 Fletching
29:30 Castle Age
31:53 Bodkin Arrow
32:06 Scale Barding Armor
32:26 Marauders
34:35 Husbandry
36:22 Bloodlines
35:33 Light Cavalry
howdydo12
8:35 Loom
14:16 Feudal Age
16:20 Man-at-Arms
17:37 Man-at-Arms
18:59 Double-Bit Axe
20:03 Horse Collar
20:15 Gold Mining
26:06 Castle Age
24:30 Fletching
24:41 Padded Archer Armor
24:50 Scale Barding Armor
26:10 Bloodlines
26:39 Stone Mining
26:46 Crossbowman
26:55 Light Cavalry
27:36 Husbandry
28:49 Wheelbarrow
30:25 Bodkin Arrow
32:45 Forging
34:15 Thumb Ring
39:48 Imperial Age
41:46 Chemistry
43:43 Chain Barding Armor
43:46 Capped Ram
Connection lost

Rejoining the realm…

Still unreachable

The connection could not be restored.

Session expired

The server has moved on; the page needs a fresh start.